 Dungeon Crawl Stone Soup version 0.31.0-1-g2c135a008e (webtiles) character file.

Game seed: 12315324517392906109

49 qw the Shooter (level 4, -7/34 HPs)
             Began as a Djinni Hunter on Jan 23, 2024.
             Mangled by a gnoll
             ... wielding a +0 halberd
              (8 damage)
             ... on level 2 of the Dungeon.
             The game lasted 00:00:03 (744 turns).

qw the Shooter (Djinni Hunter)                       Turns: 744, Time: 00:00:03

Health: -7/34      AC:  5    Str: 10    XL:     4   Next: 2%
Gold:   702        EV: 11    Int: 11    God:
                   SH:  0    Dex: 18

rFire   + + .        a - +0 shortbow
rCold   x . .        (shield currently unavailable)
rNeg    . . .        f - +0 ring mail
rPois   inf          (no helmet)
rElec   .            (no cloak)
rCorr   .            (no gloves)
SInv    .            (boots unavailable)
Will    .....        (no amulet)
Stlth   +            (no ring)
HPRegen 0.25/turn    (no ring)
MPRegen 0.00/turn

%: infuse magic (-8 HP)
@: flying
A: sickness immunity, fire resistance 2, cold vulnerability 1, float, innate
caster, HP casting, extra vitality 1
a: no special abilities


You were on level 2 of the Dungeon.
You visited 1 branch of the dungeon, and saw 2 of its levels.

You collected 702 gold pieces.


Innate Abilities, Weirdness & Mutations

You are immune to sickness and miasma.
You are immune to poison.
Your flesh is very heat resistant. (rF++)
You are vulnerable to cold. (rC-)
You float through the air rather than walking.
You learn spells naturally, not from books.
Your magical power is your life essence.
You have superior vitality. (+4 MHP)


   Skills:
 + Level 2.6 Fighting
 - Level 4.0 Ranged Weapons
 - Level 1.0 Armour
 - Level 2.1 Dodging
 - Level 0.7 Stealth


You knew the following spells:

 Your Spells              Type           Power      Damage    Failure   Level
a - Necrotise             Necr           0%         1d4       65%         1
Your spell library was empty.

Inventory:

Hand Weapons
 a - a +0 shortbow (weapon)
Armour
 f - a +0 ring mail (worn)
Potions
 e - a potion of resistance
 g - a potion of invisibility {unknown}
 h - a potion of mutation {unknown}
 i - a potion of cancellation {unknown}

Dungeon Overview and Level Annotations

Branches:
Dungeon (2/15)

Altars:

Shops:
D:1 :?:

Annotations:
D:1 1 transporter


Message History

You shoot an arrow.
The arrow hits the ribbon worm but does no damage.
The ribbon worm is severely wounded.
The ribbon worm bites you.
You shoot an arrow. The arrow hits the ribbon worm.
You kill the ribbon worm!
You start resting.
A gnoll comes into view. It is wielding a +0 club.
You shoot an arrow. The arrow closely misses the gnoll.
The gnoll shouts!
You hear a shout! x3
You shoot an arrow. The arrow barely misses the adder.
The adder closely misses you. x2
A gnoll comes into view. It is wielding a +0 halberd.
The gnoll misses you.
You shoot an arrow. The gnoll shouts!
The arrow hits the adder.
The adder is severely wounded.
The adder bites you but does no damage. The gnoll hits you with a +0 club.
The adder barely misses you.
You shoot an arrow.
The arrow hits the adder but does no damage.
The adder is severely wounded.
The adder closely misses you. The gnoll hits you with a +0 club.
The gnoll hits you but does no damage.
You shoot an arrow. The arrow hits the adder.
You kill the adder!
The gnoll barely misses you. The gnoll completely misses you.
The gnoll hits you with a +0 club.
The gnoll hits you from afar with a +0 halberd.
You have reached level 4!
You feel clever.
You shoot an arrow. The arrow barely misses the gnoll.
The gnoll misses you. The gnoll hits you with a +0 club!
You shoot an arrow. The arrow hits the gnoll!
The gnoll is severely wounded.
You hear a shout!
The gnoll closely misses you.
The gnoll hits you from afar with a +0 halberd!
You die...

# #. .#
###.#######.#####
......g@%........
.##..####g#.....
#..#..........# #
#.[g....##.##.#
#.##..g:...# #
.#.<.......S#
............##
g......<....g#
..######..###...


You could see 2 gnolls.

Vanquished Creatures
  2 adders (D:2)
  A ribbon worm (D:2)
  A ball python (D:1)
  3 endoplasms (D:1)
  3 goblins (D:1)
  5 hobgoblins
  4 jackals (D:1)
  A kobold (D:1)
  A quokka (D:1)
  2 bats
  2 frilled lizards (D:1)
  A rat (D:1)
26 creatures vanquished.

Notes
Turn   | Place    | Note
-------+----------+-------------------------------------------
     0 | D:1      | qw the Djinni Hunter began the quest for the Orb.
     0 | D:1      | Reached XP level 1. HP: 18/18 MP: 0/0
     0 | D:1      | 0 ||| qw: Version: 0.3-a-135-gb77e89d
     0 | D:1      | 0 ||| qw: Game counter: 820
     0 | D:1      | 0 ||| qw: Melee chars always use a shield: true
     0 | D:1      | 0 ||| qw: God list: Okawaru
     0 | D:1      | 0 ||| qw: Allow faded altars: false
     0 | D:1      | 0 ||| qw: Do Orc after clearing Dungeon:15 true
     0 | D:1      | 0 ||| qw: Do second Lair branch before Depths: true
     0 | D:1      | 0 ||| qw: Lair rune preference: random
     0 | D:1      | 0 ||| qw: Goals: Normal
     0 | D:1      | 0 ||| PLANNING D:1-11
    14 | D:1      | Found Vaajurui's Book Shop.
   188 | D:1      | Reached XP level 2. HP: 23/23 MP: 0/0
   319 | D:1      | Found Iskizack's Magic Scroll Emporium.
   342 | D:1      | 342 ||| SHOPLISTING scroll of enchant weapon (82 gold, have
                  | 28).
   470 | D:1      | Reached skill level 4 in Ranged Weapons
   470 | D:1      | Reached XP level 3. HP: 28/28 MP: 0/0
   470 | D:1      | Learned a level 1 spell: Necrotise
   536 | D:1      | Found Yqutun's Book Shop.
   642 | D:1      | 642 ||| UPGRADING to +0 ring mail.
   652 | D:1      | 652 ||| DROPPING +0 leather armour.
   653 | D:1      | 653 ||| READING scroll labelled KOPRIET TYUNECH.
   653 | D:1      | 653 ||| IDENTIFYING bubbling amethyst potion
   654 | D:1      | 654 ||| READING scroll labelled JOJOZUS QEISTI.
   654 | D:1      | Identified a scroll of acquirement
   654 | D:1      | 654 ||| ACQUIRING 656 gold pieces
   654 | D:1      | Acquired 656 gold pieces
   656 | D:1      | 656 ||| DROPPING scroll of butterflies.
   690 | D:2      | 690 ||| RETREEEEATING.
   691 | D:2      | 691 ||| RETREEEEATING.
   692 | D:2      | 692 ||| RETREEEEATING.
   693 | D:2      | 693 ||| RETREEEEATING.
   694 | D:2      | 694 ||| RETREEEEATING.
   696 | D:2      | 696 ||| RETREEEEATING.
   697 | D:2      | 697 ||| RETREEEEATING.
   698 | D:2      | 698 ||| RETREEEEATING.
   702 | D:2      | Reached skill level 1 in Armour
   742 | D:2      | HP: 7/29 [gnoll/+0 halberd (3)]
   743 | D:2      | Reached XP level 4. HP: 9/34 MP: 0/0
   743 | D:2      | HP: 1/34 [gnoll/+0 club (8)]
   744 | D:2      | Mangled by a gnoll

Levels and vault maps discovered:
D:1:      spicycebolla_arrival_risky_transporter, layout_loops_cross,
          serial_shops, shop, nicolae_diamond_shop, nicolae_shop_behind_doors,
          minmay_tromino_i4
D:2:      layout_loops_ring, basic_altar, chequers_serial_rivers_micro_a,
          uniq_terence

Skill      XL: |  1  2  3 |
---------------+----------+-----
Ranged Weapons | 4 |  4.0
Armour         | 1 |  1.0
Fighting       | |  2.6
Dodging        | |  2.1
Stealth        | |  0.7

Action                     |  1- 3 |  4- 6 || total
---------------------------+-------+-------++-------
   Fire: Shortbow          |    78 |     2 ||    80
    Use: Scroll            |     2 |       ||     2
 Armour: Leather armour    |     5 |       ||     5
         Ring mail         |    29 |     2 ||    31
  Dodge: Dodged            |    41 |     2 ||    43

Table legend:
 A = Non-vault XP
 B = Vault XP
 C = Vault XP percentage of total XP
 D = Non-vault monster count
 E = Vault monster count
 F = Vault count percentage of total count
                 A         B        C        D         E       F
            +---------+---------+-------+---------+---------+-------
      Total |      69 |       2 |   2.8 |      25 |       1 |   3.8
            +---------+---------+-------+---------+---------+-------
        D:1 |      30 |       2 |   6.2 |      17 |       1 |   5.6
        D:2 |      39 |       0 |   0.0 |       8 |       0 |   0.0
            +---------+---------+-------+---------+---------+-------
